 Dungeon Crawl Stone Soup version 0.27.1-4-g1640c2035a (webtiles) character file.

Game seed: 2233223349619911057

3414 Stomo444 the Fighter (level 9, -3/75 HPs)
             Began as a Demonspawn Monk on Nov 9, 2021.
             Was a Believer of Ru.
             Killed from afar by a manticore (21 damage)
             ... with a volley of spikes
             ... on level 7 of the Dungeon.
             The game lasted 00:21:50 (12349 turns).

Stomo444 the Fighter (Demonspawn Monk)             Turns: 12349, Time: 00:21:50

Health: -3/75      AC:  2    Str: 16    XL:     9   Next: 76%
Magic:  9/9        EV: 18    Int: 11    God:    Ru [**....]
Gold:   579        SH:  0    Dex: 21    Spells: 8/8 levels left

rFire    x . .     SeeInvis .   e - +2 whip (venom)
rCold    x . .     Faith    .   (no shield)
rNeg     . . .     Spirit   .   b - +0 robe
rPois    .         Reflect  .   (no helmet)
rElec    .         Harm     .   (no cloak)
rCorr    .         Rampage  .   (no gloves)
Will     +....                  (no boots)
Stlth    +++++.....             (no amulet)
HPRegen  0.22/turn              j - ring of willpower
MPRegen  0.11/turn              (no ring)

@: spiked
A: hooves 2, thin skeletal structure 3, powered by pain 1, temperature sensitive
a: Renounce Religion


You were on level 7 of the Dungeon.
You worshipped Ru.
Ru was pleased with you.
You visited 2 branches of the dungeon, and saw 8 of its levels.

You collected 579 gold pieces.

Inventory:

Hand Weapons
 a - a +0 mace
 e - a +2 whip of venom (weapon)
 l - a +2 whip of flaming
Armour
 b - a +0 robe (worn)
 v - the +1 ring mail of Forking Paths {rF+ Dex+4 Slay-2}
   (You found it on level 7 of the Dungeon)

   Dex:       It affects your dexterity (+4).
   Slay:      It affects your accuracy & damage with ranged weapons and melee
   (-2).
   rF:        It protects you from fire.
Jewellery
 j - a ring of willpower (left hand)
 k - a ring of positive energy
 n - a +4 ring of protection
Wands
 q - a wand of mindburst (10)
Scrolls
 c - 3 scrolls of enchant armour
 d - a scroll of enchant weapon {unknown}
 f - 3 scrolls of identify
 g - a scroll of blinking {unknown}
 h - 2 scrolls of noise
 i - 2 scrolls of teleportation
 p - a scroll of vulnerability {unknown}
 r - 2 scrolls of magic mapping {unknown}
 u - a scroll of immolation {unknown}
 w - a scroll of fear {unknown}
Potions
 m - a potion of magic {unknown}
 o - a potion of curing
 s - a potion of mutation {unknown}
 t - a potion of flight
 x - a potion of resistance {unknown}


   Skills:
 + Level 8.6 Fighting
 + Level 7.9 Maces & Flails
 + Level 7.9 Dodging
 - Level 1.7 Stealth


You had 8 spell levels left.
You didn't know any spells.
Your spell library contained the following spells:

 Spells                   Type           Power      Damage    Failure   Level
 Magic Dart               Conj           0%         1d3       34%         1
 Call Imp                 Summ           0%         N/A       47%         2
 Static Discharge         Conj/Air       0%         N/A       47%         2
 Mephitic Cloud           Conj/Pois/Air  0%         N/A       71%         3
 Airstrike                Air            0%         N/A       98%         4
 Summon Lightning Spire   Summ/Air       0%         N/A       98%         4
 Lightning Bolt           Conj/Air       0%         1d11      100%        5
 Maxwell's Capacitive Co  Air            0%         ∞         100%        8


Dungeon Overview and Level Annotations

Branches:
Dungeon (7/15)             Temple (1/1) D:7

Altars:
Cheibriados
Dithmenos
Elyvilon
Fedhas
Gozag
Kikubaaqudgha
Makhleb
Nemelex Xobeh
Okawaru
Qazlal
Ru
Sif Muna
Trog
Uskayaw
Vehumet
Wu Jian
Xom
Yredelemnul
Zin
The Shining One

Shops:
D:7 *?::

Annotations:
D:3 3 runed translucent doors, GlazedDonut's ghost, amateur FoHu


Innate Abilities, Weirdness & Mutations

You have hoof-like feet.
You have an unnaturally thin skeletal structure. (Dex +6, Stealth+++)
You sometimes gain a little power by taking damage.
You are sensitive to extremes of temperature. (rF-, rC-)


Message History

Found 31 gold pieces.
A manticore is nearby!
A manticore is nearby!
A manticore is nearby!
A manticore is nearby!
Okay, then.
Press: ? - help, v - describe, . - travel, g - get item
Here: a manticore Item here: 16 gold pieces.
The floor.
Your +2 whip of flaming stops flaming.
Your +2 whip of venom begins to drip with poison!
e - a +2 whip of venom (weapon)
You hit the manticore.
The manticore is poisoned.
Your kick misses the manticore.
The manticore is lightly wounded.
The manticore closely misses you. The manticore claws you.
The manticore misses you.
You hit the manticore.
The manticore looks as sick as possible!
You kick the manticore.
The manticore is lightly wounded.
You hit the manticore but do no damage.
The manticore looks as sick as possible!
The manticore is lightly wounded.
The manticore bites you!! The manticore claws you! The manticore claws you.
You hit the manticore but do no damage.
The manticore looks as sick as possible!
The manticore is lightly wounded.
The manticore bites you!
* * * LOW HITPOINT WARNING * * *
The manticore closely misses you. x2
You feel better. The manticore barely misses you. The manticore claws you.
The manticore misses you.
The manticore closely misses you. x2; The manticore claws you!
* * * LOW HITPOINT WARNING * * *
The manticore flicks its tail.
The volley of spikes hits you!!
The barbed spikes become lodged in your body.
You die...

...........## #.#.#...#.#.#
.......)..## #.#.###.#.#.#
.#.........#####.....#.#.#.#
#....##.......######.#.#.###
#############........#.....#
# ########.#.###.# #
#.H.#...#...# #.#.#####.#.#
#@#$#...#.#.# #.#$#[..'.#.#
#.#######.#.# #.........#.#
#############


You could see a manticore (extremely poisoned).

Vanquished Creatures
  A two-headed ogre (D:7)
  Pikel (D:5)
  A human (D:3)
  Menkaure (D:7)
  2 acid dragons (D:7)
  A black bear (Temple)
  An ice beast (D:7)
  3 ogres
  2 centaurs
  3 phantoms
  A kobold brigand (D:7)
  A bullfrog (D:5)
  2 scorpions
  A water moccasin zombie (D:6)
  A water moccasin skeleton (D:5)
  4 killer bees (D:5)
  A centaur zombie (D:7)
  3 jellies
  2 centaur skeletons (D:6)
  A gnoll shaman (D:5)
  Ijyb (D:5)
  Natasha (D:3)
  2 iguanas (D:5)
  Robin (D:2)
  4 gnolls (D:5)
  3 adders (D:2)
  2 shadow imps
  2 white imps
  2 ufetubi
  An adder skeleton (D:4)
  A dart slug (D:1)
  3 orcs
  8 bats
  4 endoplasms
  4 giant cockroaches
  8 goblins
  8 hobgoblins
  2 quokkas (D:2)
  4 ball pythons
  3 frilled lizards (D:1)
  A goblin skeleton (D:3)
  A jackal skeleton (D:3)
  A jackal zombie (D:3)
  12 kobolds
  7 rats
119 creatures vanquished.

Notes
Turn   | Place    | Note
-------+----------+-------------------------------------------
     0 | D:1      | Stomo444 the Demonspawn Monk began the quest for the Orb.
     0 | D:1      | Reached XP level 1. HP: 18/18 MP: 1/1
   257 | D:1      | Gained mutation: You sometimes gain a little power by
                  | taking damage. [demonic ancestry]
   257 | D:1      | Reached XP level 2. HP: 24/24 MP: 2/2
  1094 | D:2      | Reached XP level 3. HP: 22/29 MP: 3/3
  1382 | D:2      | Noticed Robin
  1851 | D:2      | Found a faded altar of an unknown god.
  2010 | D:2      | Killed Robin
  2368 | D:2      | Gained mutation: You have large cloven feet. [demonic
                  | ancestry]
  2368 | D:2      | Reached XP level 4. HP: 36/36 MP: 4/4
  2816 | D:3      | Noticed an ogre
  2954 | D:3      | Found a runed translucent gate.
  2954 | D:3      | Found a runed translucent gate.
  2954 | D:3      | Found a runed translucent gate.
  2954 | D:3      | Noticed GlazedDonut's ghost (amateur FoHu)
  3105 | D:3      | Found a runed translucent door.
  3105 | D:3      | Noticed a human
  3124 | D:3      | Found a basalt altar of Yredelemnul.
  3142 | D:3      | Killed a human
  3143 | D:3      | Reached skill level 4 in Fighting
  3143 | D:3      | Gained mutation: You have hoof-like feet. [demonic
                  | ancestry]
  3143 | D:3      | Reached XP level 5. HP: 26/43 MP: 5/5
  3205 | D:3      | Noticed Natasha
  3672 | D:4      | Killed an ogre
  3673 | D:4      | Gained mutation: You have a somewhat thin skeletal
                  | structure. (Dex +2, Stealth+) [demonic ancestry]
  3673 | D:4      | Reached XP level 6. HP: 15/49 MP: 6/6
  3900 | D:3      | Killed Natasha
  5499 | D:5      | Entered Level 5 of the Dungeon
  5644 | D:4      | Reached skill level 5 in Fighting
  5980 | D:5      | Gained mutation: You have a moderately thin skeletal
                  | structure. (Dex +4, Stealth++) [demonic ancestry]
  5980 | D:5      | Reached XP level 7. HP: 40/56 MP: 7/7
  6397 | D:5      | Reached skill level 5 in Maces & Flails
  6487 | D:5      | Reached skill level 5 in Dodging
  6555 | D:5      | Noticed Ijyb
  6566 | D:5      | Killed Ijyb
  6672 | D:5      | Noticed Pikel
  6711 | D:5      | Killed Pikel
  6712 | D:5      | Reached skill level 6 in Fighting
  6712 | D:5      | Gained mutation: You have an unnaturally thin skeletal
                  | structure. (Dex +6, Stealth+++) [demonic ancestry]
  6712 | D:5      | Reached XP level 8. HP: 24/65 MP: 8/8
  8491 | D:5      | Found an ornate altar of the Wu Jian Council.
  8829 | D:6      | Reached skill level 7 in Fighting
  9043 | D:6      | Found an opulent altar of Gozag.
  9642 | D:6      | Reached XP level 9. HP: 62/72 MP: 9/9
  9911 | D:7      | Found a staircase to the Ecumenical Temple.
  9919 | D:7      | Found Inguwkua's Book Emporium.
  9926 | D:7      | Identified the +1 ring mail of Forking Paths {rF+ Dex+4
                  | Slay-2}
  9932 | Temple   | Entered the Ecumenical Temple
 10268 | Temple   | Became a worshipper of Ru the Awakened
 10290 | D:7      | Gained mutation: You are sensitive to extremes of
                  | temperature. (rF-, rC-) [Ru sacrifice]
 10290 | D:7      | Reached * piety under Ru
 10290 | D:7      | Reached ** piety under Ru
 10330 | D:7      | HP: 2/72 [acid (12)]
 10946 | D:7      | Found Beyth's Magic Scroll Shop.
 10949 | D:7      | Found Qeurriku's Book Emporium.
 11533 | D:7      | Found Zyid's General Store.
 11542 | D:7      | Noticed Menkaure
 11546 | D:7      | Killed Menkaure
 11718 | D:7      | Reached skill level 8 in Fighting
 11734 | D:7      | Found a stormy altar of Qazlal.
 12095 | D:7      | Noticed a two-headed ogre
 12136 | D:7      | Killed a two-headed ogre
 12339 | D:7      | Noticed a manticore
 12349 | D:7      | Killed from afar by a manticore

Illustrated notes

Levels and vault maps discovered:
D:1:      dpeg_arrival_fog, layout_loops_ring, corexii_leaking_fountain
D:2:      layout_basic, hellmonk_ecumenical_altar_heavens_door, uniq_robin
D:3:      layout_basic, dk_yredelemnul_ordeal, ebering_ghost_rock_garden,
          minmay_starry_boxes, uniq_natasha
D:4:      layout_basic
D:5:      layout_gridville, nicolae_wu_jian_glorious_leap,
          minmay_misc_feat_ornament, uniq_pikel, uniq_ijyb
D:6:      layout_gridville, grunt_gozag_breadcrumbs
D:7:      layout_cave_pools, mainiacjoe_overflow_small_starburst,
          minmay_temple_entry_statues_pillars, serial_shops,
          nicolae_square_shop, nicolae_shop_trees, kennysheep_little_box,
          nicolae_shop_trees, chequers_serial_rivers_micro_a, wad_mini_maze,
          uniq_menkaure
Temple:   eino_temple_scatter_basement

Skill      XL: |  1  2  3  4  5  6  7  8  9 |
---------------+----------------------------+-----
Maces & Flails | 3 4 5 6 7 |  7.9
Dodging        | 3 4 5 6 7 |  7.9
Fighting       | 4 5 6 7 8 |  8.6
Stealth        | |  1.7

Action                   |  1- 3 |  4- 6 |  7- 9 || total
-------------------------+-------+-------+-------++-------
Melee: Mace              |   154 |     7 |       ||   161
       Whip              |       |    94 |   225 ||   319
       Kick              |       |    31 |    97 ||   128
Invok: Sacrifice Resista |       |       |     1 ||     1
  Use: Potion            |     1 |     1 |     3 ||     5
       Scroll            |       |     1 |     3 ||     4
 Stab: Sleeping          |     7 |     7 |    11 ||    25
       Distracted        |       |     1 |     2 ||     3
       Paralysed         |       |       |     1 ||     1
Armor: Robe              |    36 |    11 |    12 ||    59
       Skin              |    23 |       |     2 ||    25
Dodge: Dodged            |   108 |    51 |   156 ||   315
